 Dungeon Crawl Stone Soup version 0.32-a0-898-g7811c86cf0 (webtiles) character file.

Game seed: 17313794382444720294

497 KennySheep the Sneak (level 6, -2/53 HPs)
             Began as an Armataur Delver on Apr 5, 2024.
             Slain by a gnoll
             ... wielding a +0 halberd
             ... led by a gnoll bouda
              (8 damage)
             ... on level 4 of the Dungeon.
             The game lasted 00:17:57 (3592 turns).

KennySheep the Sneak (Armataur Delver)              Turns: 3592, Time: 00:17:58

Health: -2/53      AC:  6    Str: 20 (23) XL:     6   Next: 93%
Magic:  0/6        EV:  8    Int:  6 (9)  God:
Gold:   176        SH:  0    Dex: 16 (18) Spells: 5/5 levels left

rFire   x . .        q - +0 dagger (drain)
rCold   + . .        (no shield)
rNeg    . . .        b - +0 leather armour
rPois   +            p - +0 helmet
rElec   .            (no cloak)
rCorr   .            o - +0 pair of gloves
SInv    .            (no barding)
Will    .....        n - amulet of guardian spirit
Stlth   ++           c - ring of Ippa Luz {Ice rPois Str+2 Dex+5 Stlth-}
HPRegen 0.28/turn    (no ring)
MPRegen 1.09/turn

%: guardian spirit, roll
@: mighty, weakened
A: large, deformed body, tough skin 3, armoured tail, rollpage 1, hooves 1,
poison resistance, strong 1
a: no special abilities


You were on level 4 of the Dungeon.
You visited 1 branch of the dungeon, and saw 5 of its levels.

You collected 176 gold pieces.

Inventory:

Hand Weapons
 a - a +0 short sword
 j - a +0 short sword of flaming
 q - a +0 dagger of draining (weapon)
Armour
 b - a +0 leather armour (worn)
 o - a +0 pair of gloves (worn)
 p - a +0 helmet (worn)
Jewellery
 c - the ring of Ippa Luz (left hand) {Ice rPois Str+2 Dex+5 Stlth-}
   (You took it off a hobgoblin on level 2 of the Dungeon)

   [ring of ice]

   Ice:       It enhances your ice magic.
   Str+2:     It affects your strength (+2).
   Dex+5:     It affects your dexterity (+5).
   rF-:       It makes you vulnerable to fire.
   rC+:       It protects you from cold.
   rPois:     It protects you from poison.
   Stlth-:    It makes you less stealthy.
 e - a ring of see invisible
 n - an amulet of guardian spirit (around neck)
Wands
 f - a wand of iceblast (9)
 g - a wand of digging (3)
 h - a wand of paralysis (9)
Scrolls
 d - 4 scrolls of revelation
Potions
 i - 2 potions of lignification
 l - a potion of brilliance


   Skills:
 + Level 4.7 Fighting
 + Level 4.1 Short Blades
 - Level 1.3 Dodging
 + Level 7.4 Stealth


You had 5 spell levels left.
You didn't know any spells.
Your spell library contained the following spells:

 Spells                   Type           Power      Damage    Failure   Level
 Apportation              Tloc           0%         N/A       52%         1
 Ensorcelled Hibernation  Hex/Ice        0%         N/A       65%         2
 Jinxbite                 Hex            0%         N/A       65%         2
 Passwall                 Erth           0%         N/A       87%         3
 Swiftness                Air            0%         N/A       87%         3
 Alistair's Intoxication  Alch           0%         N/A       100%        5


Dungeon Overview and Level Annotations

Branches:
Dungeon (5/15)
 Temple: D:4-7

Altars:


Innate Abilities, Weirdness & Mutations

Armour fits poorly on your strangely shaped body.
You have extremely tough skin. (AC +3)
You have a long armoured tail.
You regenerate magic when rolling toward enemies. (Rampage MPRegen)
You have large cloven feet.
Your system is resistant to poisons. (rPois)
Your muscles are strong. (Str +4, Int/Dex -1)


Message History

Your attacks no longer feel as feeble.
The hound attacks as it pursues you! The hound bites you.
The gnoll bouda barks out a call to the hunt!
The hound bites you.
You hear a shout!
The gnoll hits you from afar with a +0 halberd!
The hound closely misses you.
The gnoll bouda barks out a call to the hunt!
The hound bites you.
Okay, then.
Okay, then.
It was a potion of degeneration.
There was something very wrong with that liquid.
You feel weakened.
You feel dopey.
You feel clumsy. The hound barely misses you.
The gnoll hits you from afar with a +0 halberd!
* * * LOW HITPOINT WARNING * * *
It was a potion of might.
You feel very mighty all of a sudden. The hound bites you.
* * * LOW HITPOINT WARNING * * *
The gnoll bouda gazes fiercely through you!
You feel your attacks grow feeble. The gnoll closely misses you.
The hound barely misses you.
Okay, then.
You hit the hound. You drain the hound.
Your tail-slap misses the hound.
The hound is heavily wounded.
The hound closely misses you.
The gnoll hits you from afar with a +0 halberd!
* * * LOW HITPOINT WARNING * * *
You hit the hound.
The hound is almost dead.
The hound bites you.
* * * LOW HITPOINT WARNING * * *
You hit the hound.
You kill the hound!
The gnoll bouda gazes fiercely through you!
You feel as though you will be weak longer.
The gnoll hits you from afar with a +0 halberd!
You die...

#...###..............
#...###...............
#...##...#............
#..B##...###...###.....
##..##...#####..#####... #.
##.....####..## ###.
######. ##........###..##
##
.......##.g.........#...#
...........#@...........##
......#.gg##.............##
......#.g###).............#
#).## ##.............#
#......# ##.............#
##....## ##........###..#
#...# ##....#### ... #...
###### .# .....


You could see a gnoll (swift).

Vanquished Creatures
  Sigmund (D:4)
  A bombardier beetle (D:4)
  A hound (D:4)
  An orc priest (D:3)
  An iguana (D:4)
  Ijyb (D:3)
  Natasha (twice) (D:3)
  An orc wizard (D:3)
  3 adders
  4 gnolls
  4 orcs
  12 ball pythons
  2 bats (D:3)
  7 endoplasms
  A giant cockroach (D:1)
  13 goblins
  8 hobgoblins
  3 quokkas
  A frilled lizard (D:3)
  9 kobolds
  3 rats (D:2)
79 creatures vanquished.

Notes
Turn   | Place    | Note
-------+----------+-------------------------------------------
     0 | D:5      | KennySheep the Armataur Delver began the quest for the Orb.
     0 | D:5      | Reached XP level 1. HP: 18/18 MP: 1/1
    83 | D:5      | Noticed a black bear
   100 | D:4      | Noticed a sleepcap
   280 | D:2      | Reached XP level 2. HP: 25/25 MP: 2/2
   743 | D:1      | Reached XP level 3. HP: 31/31 MP: 3/3
  1314 | D:2      | Identified the ring of Ippa Luz {Ice rPois Str+2 Dex+5
                  | Stlth-}
  1714 | D:2      | Reached skill level 6 in Stealth
  1726 | D:2      | Gained mutation: Your system is resistant to poisons.
                  | (rPois) [potion of mutation]
  1726 | D:2      | Gained mutation: You have hidden genetic potential. [potion
                  | of mutation]
  1984 | D:2      | Reached XP level 4. HP: 38/38 MP: 4/4
  2287 | D:3      | Gained mutation: Your muscles are strong. (Str +4, Int/Dex
                  | -1) [hidden potential]
  2346 | D:3      | Noticed Natasha
  2359 | D:3      | Killed Natasha
  2661 | D:3      | Reached XP level 5. HP: 25/46 MP: 2/5
  2661 | D:3      | Noticed Ijyb
  2893 | D:3      | Noticed Natasha
  2966 | D:3      | Killed Ijyb
  2979 | D:3      | Gained mutation: You have large cloven feet. [hidden
                  | potential]
  2979 | D:3      | Lost mutation: You have hidden genetic potential. [hidden
                  | potential expressed]
  3217 | D:4      | HP: 2/46 [gnoll/+0 halberd[a gnoll bouda] (3)]
  3485 | D:3      | Reached XP level 6. HP: 49/52 MP: 6/6
  3491 | D:3      | Killed Natasha
  3532 | D:4      | Reached skill level 7 in Stealth
  3562 | D:4      | Noticed Sigmund
  3570 | D:4      | Killed Sigmund
  3592 | D:4      | Slain by a gnoll

Illustrated notes

Levels and vault maps discovered:
D:1:      onia_arrival_mini_spirals, layout_loops_corners
D:2:      minmay_skewed_foursquare, layout_rooms
D:3:      layout_basic, uniq_ijyb, uniq_natasha
D:4:      layout_cave_pods, uniq_robin, uniq_sigmund, uniq_menkaure,
          uniq_eustachio
D:5:      minmay_clustersquares, layout_loops_ring, serial_shops,
          nicolae_shop_statue_plus

Skill      XL: |  1  2  3  4  5  6 |
---------------+-------------------+-----
Short Blades   | 2 3 4 |  4.1
Fighting       | 3 4 |  4.7
Stealth        | 6 7 |  7.4
Dodging        | |  1.3

Action                     |  1- 3 |  4- 6 || total
---------------------------+-------+-------++-------
  Melee: Short sword       |   141 |   127 ||   268
         Tailslap          |    16 |    15 ||    31
         Kick              |       |    20 ||    20
         Dagger            |       |    12 ||    12
    Use: Scroll            |     6 |     3 ||     9
         Potion            |     2 |     3 ||     5
   Stab: Sleeping          |    11 |     4 ||    15
 Armour: Leather armour    |    77 |    92 ||   169
         Skin              |    45 |       ||    45
  Dodge: Dodged            |    72 |    48 ||   120

Table legend: (Time is in decaauts)
 A = Elapsed time spent in this place.
 B = Non-inter-level travel time spent in this place.
 C = Inter-level travel time spent in this place.
 D = Time resting spent in this place.
 E = Time spent auto-exploring this place.
 F = Levels seen in this place.
 G = Mean time per level.
                   A        B        C        D        E       F      G
               +--------+--------+--------+--------+--------+-----+--------+
         Total |   3546 |   3300 |    246 |    630 |   1826 |   5 |  709.2 |
       Dungeon |   3546 |   3300 |    246 |    630 |   1826 |   5 |  709.2 |
               +--------+--------+--------+--------+--------+-----+--------+

Top non-repeatable levels by time:
     D:1: 1097 daAuts
     D:2: 1091 daAuts
     D:3: 891 daAuts
     D:4: 367 daAuts
     D:5: 100 daAuts
